 Dungeon Crawl Stone Soup version 0.31-a0-1074-g0b22e4e0f1 (webtiles) character file.

Game seed: 4447787163014361775

77 littlecub the Digger (level 4, 0/25 HPs)
             Began as a Gargoyle Earth Elementalist on Dec 4, 2023.
             Killed by divine providence
             ... invoked by an orc priest
              (12 damage)
             ... on level 3 of the Dungeon.
             The game lasted 00:03:39 (2014 turns).

littlecub the Digger (Gargoyle Earth Elementalist)  Turns: 2014, Time: 00:03:40

Health: 0/25       AC:  5    Str: 11    XL:     4   Next: 34%
Magic:  15/16      EV: 11    Int: 18    God:
Gold:   143        SH:  0    Dex: 10    Spells: 3/7 levels left

rFire   . . .        (no weapon)
rCold   . . .        (no shield)
rNeg    + . .        a - +0 robe
rPois   ∞            (no helmet)
rElec   +            (no cloak)
rCorr   .            (no gloves)
SInv    .            (no boots)
Will    .....        (no amulet)
Stlth   ++           l - ring of magical power
HPRegen 0.24/turn    (no ring)
MPRegen 0.15/turn

%: no passive effects
@: no status effects
A: sickness immunity, AC +3, negative energy resistance 1, electricity
resistance, torment resistance 1, petrification resistance
a: no special abilities


You were on level 3 of the Dungeon.
You visited 1 branch of the dungeon, and saw 3 of its levels.

You collected 143 gold pieces.

Inventory:

Armour
 a - a +0 robe (worn)
Jewellery
 l - a ring of magical power (left hand)
Scrolls
 e - a scroll of identify
 j - a scroll of revelation {unknown}
Potions
 b - a potion of magic
 c - a potion of mutation {unknown}
 d - a potion of resistance {unknown}
 f - a potion of degeneration {unknown}
 h - 2 potions of enlightenment {unknown}
 i - a potion of cancellation {unknown}
 k - a potion of invisibility {unknown}
 m - a potion of attraction {unknown}


   Skills:
 + Level 1.5 Fighting
 - Level 1.5 Dodging
 - Level 2.1 Stealth
 + Level 2.4 Spellcasting
 * Level 1.0 Conjurations
 + Level 1.4 Transmutations
 * Level 4.6 Earth Magic


You had 3 spell levels left.
You knew the following spells:

 Your Spells              Type           Power      Damage    Failure   Level
a - Sandblast             Erth           36%        2d10      2%          1
b - Stone Arrow           Conj/Erth      24%        3d8       16%         3

Your spell library contained the following spells:

 Spells                   Type           Power      Damage    Failure   Level
 Passwall                 Tmut/Erth      10%        N/A       8%          2
 Summon Small Mammal      Summ           8%         N/A       17%         1
 Call Canine Familiar     Summ           2%         N/A       45%         3
 Summon Guardian Golem    Hex/Summ       2%         N/A       45%         3
 Petrify                  Tmut/Erth      13%        N/A       43%         4
 Brom's Barrelling Bould  Conj/Erth      12%        2d4       47%         4
 Dispel Undead            Necr           2%         3d7       86%         4
 Death Channel            Necr           1%         N/A       100%        6
 Cigotuvi's Dreadful Rot  Necr/Pois/Air  Unusable   N/A       N/A         2

Dungeon Overview and Level Annotations

Branches:
Dungeon (3/15)

Altars:


Innate Abilities, Weirdness & Mutations

You are immune to sickness and miasma.
Your stone body is resilient. (AC +3)
You are immune to poison.
You resist negative energy. (rN+)
You are resistant to electric shocks. (rElec)
You are resistant to unholy torment.
You are immune to petrification.


Message History

The blast of sand hits the orc.
You kill the orc!
An orc priest comes into view. It is wielding a +0 club.
Aiming: Sandblast (safe; 2% risk of failure)
Press: ? - help, Q - select action Shift-Dir - straight line, f - kobold
Aim: a kobold, wielding a +0 dagger and quivering poisoned darts (77% to hit)
The blast of sand hits the kobold.
You kill the kobold!
The orc priest shouts!
The orc priest casts a cantrip, but nothing happens.
The orc wizard casts a spell at you.
You are confused.
Your Conjurations skill increases to level 1!
A goblin comes into view. It is wielding a +0 club.
The goblin shouts!
You bump into the rock wall.
You bump into the rock wall.
The goblin hits you with a +0 club.
The orc priest mumbles some strange prayers to Beogh against you.
Beogh smites you!
Ouch! That really hurt!
You feel less confused. The orc wizard barely misses you.
The orc wizard gestures at you while chanting.
The puff of flame hits you!
* * * LOW HITPOINT WARNING * * *
You feel better.
The orc priest looks braver for a moment.
The orc wizard attacks as it pursues you!
The orc wizard hits you with a +0 dagger.
* * * LOW HITPOINT WARNING * * *
The orc wizard attacks as it pursues you!
The orc wizard closely misses you.
The orc wizard gestures at you while chanting.
The magic dart hits you.
* * * LOW HITPOINT WARNING * * *
You feel better.
The orc priest calls down the wrath of Beogh upon you.
Beogh smites you!
You die...

.### #. #.# ...# ##.
#.# .#.###..#
#...#####.#
....##.#.#.#.....o..#
##..##.#.....###.####
#..##.#... #g#
#..##.##.# #.#
##..##.##.# #o#
(...##.##.######@#
###..............#
#....##.########
#...............
#..####)##.##.#. #..#
#<....... #..#
####.##.# #..# # #
#..#


You could see an orc priest, an orc wizard and a goblin.

Vanquished Creatures
  A worm (D:3)
  4 dart slugs
  3 orcs
  4 bats
  3 endoplasms
  2 giant cockroaches
  9 goblins
  9 hobgoblins
  2 jackals (D:2)
  2 quokkas (D:1)
  A frilled lizard (D:1)
  6 kobolds
  12 rats
58 creatures vanquished.

Notes
Turn   | Place    | Note
-------+----------+-------------------------------------------
     0 | D:1      | littlecub the Gargoyle Earth Elementalist began the quest
                  | for the Orb.
     0 | D:1      | Reached XP level 1. HP: 10/10 MP: 3/3
   172 | D:1      | Reached skill level 1 in Transmutations
   172 | D:1      | Reached XP level 2. HP: 16/16 MP: 1/5
   254 | D:1      | Reached skill level 4 in Earth Magic
   450 | D:1      | Reached skill level 1 in Fighting
   503 | D:1      | Reached XP level 3. HP: 20/20 MP: 4/6
   938 | D:1      | Learned a level 3 spell: Stone Arrow
  1392 | D:2      | Reached XP level 4. HP: 25/25 MP: 7/7
  1996 | D:3      | Reached skill level 1 in Conjurations
  2010 | D:3      | HP: 1/25 [orc wizard/magic dart (6)]
  2014 | D:3      | Killed from afar by an orc priest

Illustrated notes

Levels and vault maps discovered:
D:1:      dpeg_chamrin_arrival_tetris, layout_basic, nrook_loot_triangle,
          minmay_rat_gold_closets
D:2:      layout_basic, chequers_serial_rivers_small_b
D:3:      layout_loops_ring, mainiacjoe_overflow_tiny_flanked, uniq_sigmund

Skill      XL: |  1  2  3  4 |
---------------+-------------+-----
Transmutations | 1 |  1.4
Earth Magic    | 4 |  4.6
Fighting       | 1 |  1.5
Conjurations   | 1 |  1.0
Dodging        | |  1.5
Stealth        | |  2.1
Spellcasting   | |  2.4

Action                     |  1- 3 |  4- 6 || total
---------------------------+-------+-------++-------
  Melee: Unarmed           |     1 |       ||     1
   Cast: Sandblast         |    56 |    21 ||    77
    Use: Scroll            |       |     3 ||     3
         Potion            |       |     2 ||     2
 Armour: Robe              |     5 |     5 ||    10
  Dodge: Dodged            |     6 |     6 ||    12

Table legend: (Time is in decaauts)
 A = Elapsed time spent in this place.
 B = Non-inter-level travel time spent in this place.
 C = Inter-level travel time spent in this place.
 D = Time resting spent in this place.
 E = Time spent auto-exploring this place.
 F = Levels seen in this place.
 G = Mean time per level.
                   A        B        C        D        E       F      G
               +--------+--------+--------+--------+--------+-----+--------+
         Total |   2054 |   2021 |     33 |     16 |   1714 |   3 |  684.7 |
       Dungeon |   2054 |   2021 |     33 |     16 |   1714 |   3 |  684.7 |
               +--------+--------+--------+--------+--------+-----+--------+

Top non-repeatable levels by time:
     D:2: 976 daAuts
     D:1: 956 daAuts
     D:3: 121 daAuts
